 Dungeon Crawl Stone Soup version 0.23-b1-13-gf37ab262a9 (webtiles) character file.

Game seed: 10029601291419908345

42 Oravi the Chopper (level 3, -6/32 HPs)
             Began as a Naga Warper on Feb 2, 2019.
             Mangled by a gnoll
             ... wielding a +0 spear
              (7 damage)
             ... on level 2 of the Dungeon.
             The game lasted 00:04:37 (964 turns).

Oravi the Chopper (Naga Warper)                      Turns: 964, Time: 00:04:38

Health: -6/32      AC:  3    Str: 18    XL:     3   Next: 56%
Magic:  2/6        EV: 10    Int: 14    God:
Gold:   21         SH:  0    Dex: 10    Spells: 2/6 levels left

rFire    . . .     SeeInvis +   j - +3 mace
rCold    . . .     Gourm    .   (no shield)
rNeg     . . .     Faith    .   c - +0 ring mail
rPois    +         Spirit   .   (no helmet)
rElec    .         Reflect  .   (no cloak)
rCorr    .         Harm     .   (no gloves)
MR       .....                  (no barding)
Stlth    ..........             (no amulet)
HPRegen  0.10/turn              p - +1 ring of evasion
MPRegen  0.10/turn              (no ring)

@: mighty, short of breath, very slow
A: large, see invisible, deformed body, poison resistance, slowness 2, slow
metabolism 1, spit poison 1, AC +1
a: Spit Poison


You were on level 2 of the Dungeon.
You were not hungry.

You visited 1 branch of the dungeon, and saw 2 of its levels.

You collected 21 gold pieces.

Inventory:

Hand Weapons
 a - a +0 hand axe
 j - a +3 mace (weapon)
Missiles
 e - 5 tomahawks of dispersal (quivered)
 k - 27 bolts
 l - 43 stones
Armour
 b - a +0 leather armour
 c - a +0 ring mail (worn)
Jewellery
 p - a +1 ring of evasion (left hand)
Scrolls
 d - a scroll of blinking
 h - a scroll of magic mapping {unknown}
 m - a scroll of teleportation {unknown}
 n - a scroll of identify {unknown}
 o - a scroll of enchant weapon {unknown}
Comestibles
 f - 2 rations


   Skills:
 - Level 2.0 Fighting
 + Level 3.8 Axes
 - Level 0.8 Throwing
 - Level 0.7 Armour
 - Level 1.5 Dodging
 - Level 2.0 Spellcasting
 - Level 3.0 Translocations


You had 2 spell levels left.
You knew the following spells:

 Your Spells              Type           Power        Failure   Level  Hunger
a - Blink                 Tloc           N/A          19%         2    ###....
b - Shroud of Golubria    Chrm/Tloc      #.........   34%         2    ###....

Your spell library contained the following spells:

 Spells                   Type           Power        Failure   Level  Hunger
 Gell's Gravitas          Tloc           #.........   36%         3    ####...
 Lesser Beckoning         Tloc           #.........   36%         3    ####...
 Teleport Other           Tloc           #.......     36%         3    ####...
 Passage of Golubria      Tloc           N/A          77%         4    #####..


Dungeon Overview and Level Annotations

Branches:
Dungeon (2/15)

Altars:


Innate Abilities, Weirdness & Mutations

You cannot wear boots.
Your serpentine skin is tough. (AC +1)
You have supernaturally acute eyesight. (SInv)
Armour fits poorly on your strangely shaped body.
Your system is resistant to poisons. (rPois)
You cover ground very slowly.
You have a slow metabolism.
You can spit poison.


Message History

You blink.
The gnoll hits you with a +0 spear.
* * * LOW HITPOINT WARNING * * *
Casting: Blink (safe; 22% risk of failure)
You blink.
The gnoll hits you!
* * * LOW HITPOINT WARNING * * *
It was a potion of might.
You feel very mighty all of a sudden. The gnoll closely misses you.
Aim: a gnoll The splash of poison hits the gnoll.
The gnoll is poisoned.
The gnoll is moderately wounded.
You feel slightly more hungry. The gnoll closely misses you.
The gnoll misses you.
You sock the gnoll!
You kill the gnoll!
The gnoll hits you from afar with a +0 spear.
* * * LOW HITPOINT WARNING * * *
The gnoll closely misses you. The gnoll hits you with a +0 spear!
You die...

..g
.....#######
....ggg....#
?##.######.#
#.# #.# #)#
#.# #@# #g#
#.##########
#..ยง.......#
##########.#
#.# #<# ###


You could see a gnoll.

Vanquished Creatures
  2 gnolls (D:2)
  A dart slug (D:1)
  3 bats (D:1)
  2 goblins (D:1)
  2 hobgoblins (D:1)
  4 kobolds (D:1)
  A ball python (D:1)
  2 frilled lizards (D:1)
  5 rats (D:1)
22 creatures vanquished.

Notes
Turn   | Place    | Note
-------+----------+-------------------------------------------
     0 | D:1      | Oravi the Naga Warper began the quest for the Orb.
     0 | D:1      | Reached XP level 1. HP: 19/19 MP: 3/3
   292 | D:1      | Reached XP level 2. HP: 25/26 MP: 5/5
   296 | D:1      | Learned a level 2 spell: Blink
   299 | D:1      | Learned a level 2 spell: Shroud of Golubria
   954 | D:2      | Reached XP level 3. HP: 32/32 MP: 6/6
   963 | D:2      | HP: 1/32 [gnoll/+0 spear (4)]
   964 | D:2      | Mangled by a gnoll

Skill      XL: |  1  2 |
---------------+-------+-----
Axes           | 3 |  3.8
Fighting       | |  2.0
Throwing       | |  0.8
Armour         | |  0.7
Dodging        | |  1.5
Spellcasting   | |  2.0
Translocations | |  3.0

Action                   || total
-------------------------++-------
Melee: Hand axe          ||    12
       Mace              ||    39
 Cast: Blink             ||     2
 Abil: Spit Poison       ||     7
  Use: Potion            ||     1
Armor: Ring mail         ||    26
Dodge: Dodged            ||    27
